 Dungeon Crawl Stone Soup version 0.32-a0-814-g0968bab981 (webtiles) character file.

Game seed: 11565356835740486389

4 Goblin1989 the Ruffian (level 1, 0/15 HPs)
             Began as a Demonspawn Shapeshifter on Mar 23, 2024.
             Slain by a jackal (2 damage)
             ... on level 1 of the Dungeon.
             The game lasted 00:00:18 (194 turns).

Goblin1989 the Ruffian (Demonspawn Shapeshifter)     Turns: 194, Time: 00:00:19

Health: 0/15       AC:  2    Str: 14    XL:     1   Next: 58%
Magic:  1/1        EV: 11    Int: 10    God:
Gold:   14         SH:  0    Dex: 12    Spells: 0/0 levels left

rFire   . .          .
                       - Unarmed
rCold   . . .        (no shield)
rNeg    . . .        a - +0 animal skin
rPois   .            (helmet currently unavailable)
rElec   .            (cloak currently unavailable)
rCorr   .            (gloves currently unavailable)
SInv    .            (boots currently unavailable)
Will    .....        (no amulet)
Stlth   +            (no ring)
HPRegen 0.22/turn    (no ring)
MPRegen 0.07/turn

%: no passive effects
@: beast-form
A: beast (slay +1)
a: Begin Untransformation


You were on level 1 of the Dungeon.
You were a hulking beast.
You visited 1 branch of the dungeon, and saw 1 of its levels.

You collected 14 gold pieces.

Inventory:

Armour
 a - a +0 animal skin (worn)
Talismans
 c - a beast talisman (active)
 d - a flux talisman
Scrolls
 e - 2 scrolls of enchant weapon {unknown}
Potions
 b - 2 potions of lignification


   Skills:
 - Level 1.0 Fighting
 - Level 1.7 Dodging
 + Level 2.8 Unarmed Combat
 + Level 2.8 Shapeshifting


You couldn't memorise any spells.
You didn't know any spells.
Your spell library was empty.

Dungeon Overview and Level Annotations

Branches:
Dungeon (1/15) Zot: 5805

Altars:


Message History

A ball python comes into view.
A ball python is nearby!
A ball python is nearby!
You hit the ball python.
The ball python is severely wounded.
The ball python barely misses you. The ball python grabs you.
The ball python constricts you.
You take 1 damage, and have 14/15 hp.
You hit the ball python.
You kill the ball python!
No target in view!
No target in view!
No target in view!
No target in view!
No target in view!
No target in view!
No target in view!
No target in view!
No target in view!
No target in view!
No target in view!
HP restored.
A bat comes into view.
Health restored: 15 A bat is nearby!
A bat is nearby!
The bat closely misses you. The bat barely misses you.
The bat barely misses you.
You closely miss the bat. The bat misses you. The bat barely misses you.
The bat hits you but does no damage.
You hit the bat.
The bat is severely wounded.
The bat hits you but does no damage.
You hit the bat.
You kill the bat!
No target in view!
No target in view!
No target in view!
No target in view!
No target in view!
No target in view!
No target in view!
No target in view!
No target in view!
No target in view!
No target in view!
No target in view!
You now have 14 gold pieces.
b - 2 potions of lignification (gained 1)
Found a sling.
You see here a +0 sling.
Found two stone staircases leading down.
A giant cockroach and 2 jackals come into view.
Found a hand axe and a scroll labelled DAOGUGR CUDEKH.
The jackal barks! x2
A jackal comes into view. x2
The jackal barks!
The jackal bites you but does no damage.
You barely miss the giant cockroach.
The jackal barks!
The jackal bites you. The giant cockroach bites you.
The jackal barely misses you.
You take 3 damage, and have 12/15 hp.
You hit the giant cockroach.
The giant cockroach is severely wounded.
The giant cockroach completely misses you.
You hit the giant cockroach.
You kill the giant cockroach!
The jackal bites you but does no damage.
The jackal barely misses you. The jackal closely misses you.
You barely miss the jackal. The jackal barely misses you. The jackal bites you.
The jackal barely misses you. x2; The jackal closely misses you.
You hit the jackal but do no damage. The jackal bites you. x4
* * * LOW HITPOINT WARNING * * *
You are too injured to fight recklessly!
You take 7 damage, and have 5/15 hp.
MASSIVE DAMAGE!!
You are too injured to fight recklessly!
You are too injured to fight recklessly!
You are too injured to fight recklessly!
You are too injured to fight recklessly!
You are too injured to fight recklessly!
You are too injured to fight recklessly!
You are too injured to fight recklessly!
You are too injured to fight recklessly!
You are too injured to fight recklessly!
You are too injured to fight recklessly!
You are too injured to fight recklessly!
You are too injured to fight recklessly!
You are too injured to fight recklessly!
You are too injured to fight recklessly!
You are too injured to fight recklessly!
You are too injured to fight recklessly!
The jackal bites you.
* * * LOW HITPOINT WARNING * * *
The jackal attacks as it pursues you! The jackal bites you.
* * * LOW HITPOINT WARNING * * *
The jackal barely misses you.
You take 3 damage, and have 2/15 hp.
The jackal bites you.
You die...

........███...██
........).█.<.██>
.████████.█████.. .█
█....██.█ .█ █..█..█.█
.██ ██.██.█.██
..████████..█....█
█..██..........█.█
.█.██.....███.██h█
.█.██....█ ██.██h█
.........█ █...hh█
................h).....
█████....███......?....
█............█.....
...███.....█..... ..█
█>....█..... ..█
█.....█


████ You could see 4 jackals.

Vanquished Creatures
  2 bats (D:1)
  A giant cockroach (D:1)
  A ball python (D:1)
  A kobold (D:1)
5 creatures vanquished.

Notes
Turn   | Place    | Note
-------+----------+-------------------------------------------
     0 | D:1      | Goblin1989 the Demonspawn Shapeshifter began the quest for
                  | the Orb.
     0 | D:1      | Reached XP level 1. HP: 15/15 MP: 1/1
   194 | D:1      | Slain by a jackal

Illustrated notes

Levels and vault maps discovered:
D:1:      minmay_arrival_plants_in_alcoves, layout_rooms, serial_shops,
          nicolae_shop_rolling_square

Action                     || total
---------------------------++-------
  Melee: Unarmed           ||    18
 Armour: Animal skin       ||    18
  Dodge: Dodged            ||    22

Table legend: (Time is in decaauts)
 A = Elapsed time spent in this place.
 B = Non-inter-level travel time spent in this place.
 C = Inter-level travel time spent in this place.
 D = Time resting spent in this place.
 E = Time spent auto-exploring this place.
 F = Levels seen in this place.
 G = Mean time per level.
                   A        B        C        D        E       F      G
               +--------+--------+--------+--------+--------+-----+--------+
         Total |    193 |    193 |      0 |      0 |    154 |   1 |  193.0 |
       Dungeon |    193 |    193 |      0 |      0 |    154 |   1 |  193.0 |
               +--------+--------+--------+--------+--------+-----+--------+

Top non-repeatable levels by time:
     D:1: 193 daAuts
